 Dungeon Sprint DCSS version 0.31-a0-818-ge7c7cf74f0 (webtiles) character file.

Game seed: 378015751234233283

37278 sircluck the Brawler (level 12, -1/146 HPs)
             Began as a Troll Berserker on Sept 22, 2023.
             Was the Champion of Trog.
             Engulfed by a death drake's foul pestilence (2 damage)
             ... in the Dungeon (Sprint III: "The Ten Rune Challenge").
             The game lasted 00:12:14 (2016 turns).

sircluck the Brawler (Troll Berserker)              Turns: 2016, Time: 00:12:15

Health: -1/146     AC: 15    Str: 32    XL:     12   Next: 79%
Magic:  11/11      EV: 12    Int:  5    God:    Trog [******]
Gold:   1964       SH:  0    Dex:  9    Spells: 11/11 levels left

rFire   + +          +
                       - Unarmed
rCold   x . .        (no shield)
rNeg    . . .        c - +0 fire dragon scales
rPois   .            g - +3 crown of Dyrovepreva {rElec Int+2 SInv}
rElec   +            (no cloak)
rCorr   .            (gloves unavailable)
SInv    +            (boots unavailable)
Will    .....        (no amulet) Stlth
                     (no ring)
HPRegen 1.24/turn    (no ring)
MPRegen 0.12/turn

%: no teleportation
@: lethally poisoned (-1 -> -38), slowed, very slow
A: large, unfitting armour, claws 3, regeneration 1, shaggy fur 1, tough skin 1,
iridescent scales 1, fire resistance 1
}: 1/10 runes: decaying
a: Renounce Religion, Berserk, Trog's Hand, Brothers in Arms


You were in the Dungeon.
You worshipped Trog.
Trog was exalted by your worship.
You visited 1 branch You collected 2460 gold pieces.
You spent 496 gold pieces at shops.

Inventory:

Missiles
 u - 7 curare-tipped darts (quivered)
Armour
 a - a +0 animal skin
 c - +0 fire dragon scales (worn)
 g - the +3 crown of Dyrovepreva (worn) {rElec Int+2 SInv}
   (You bought it in a shop in the Dungeon)

   Int+2:     It affects your intelligence (+2).
   rElec:     It insulates you from electricity.
   SInv:      It lets you see invisible.
 p - a +1 robe of positive energy
 q - a +1 hat of willpower
Wands
 n - a wand of flame (8)
Scrolls
 h - 2 scrolls of torment {unknown}
 j - 3 scrolls of identify
 m - a scroll of immolation {unknown}
 r - a scroll of poison {unknown}
Potions
 d - a potion of haste
 e - 2 potions of magic
 f - a potion of berserk rage
 i - 4 potions of mutation
 k - a potion of resistance {unknown}
 l - 4 potions of enlightenment
 s - a potion of might {unknown}
 t - 2 potions of attraction {unknown}
Miscellaneous
 o - a phial of floods


   Skills:
 + Level 16.9 Fighting
 + Level 16.7 Dodging
 + Level 19.6 Unarmed Combat


You had 11 spell levels left.
You didn't know any spells.
Your spell library was empty.

Dungeon Overview and Level Annotations

Branches:
Dungeon (1/1)

Altars:
Cheibriados
Dithmenos
Elyvilon
Fedhas
Gozag
Hepliaklqana
Kikubaaqudgha
Makhleb
Nemelex Xobeh
Okawaru
Qazlal
Ru
Sif Muna
Trog
Uskayaw
Vehumet
Wu Jian
Xom
Yredelemnul
Zin
The Shining One
Jiyva
Lugonu

Shops:
D (=![

Annotations:
D exclusion: 2 doors


Innate Abilities, Weirdness & Mutations

You are too large for most types of armour.
You have claws for hands.
Your natural rate of healing is unusually fast.
You are covered in fur. (AC +1)
You have tough skin. (AC +1)
You are partially covered in iridescent scales. (AC +2)
Your flesh is heat resistant. (rF+)


Message History

You are engulfed in dark miasma.
You are more poisoned.
* * * LOW HITPOINT WARNING * * *
You feel extremely sick.
The death drake attacks as it pursues you!
The death drake barely misses you. The death drake breathes miasma at you.
The foul vapour misses you.
You miss the death drake.
The death drake is almost dead.
* * * LOW HITPOINT WARNING * * *
You feel extremely sick. The death drake bites you!
* * * LOW HITPOINT WARNING * * *
You feel better. The death drake breathes miasma at you.
The foul vapour engulfs you!
You are poisoned.
* * * LOW HITPOINT WARNING * * *
The death drake bites you but does no damage.
You miss the death drake.
The death drake is almost dead.
You are engulfed in dark miasma.
You are lethally poisoned!
* * * LOW HITPOINT WARNING * * *
x2 You feel extremely sick.
The death drake barely misses you.
You feel better.
You are engulfed in dark miasma.
You are poisoned.
* * * LOW HITPOINT WARNING * * *
x2 You feel extremely sick.
The death drake bites you.
* * * LOW HITPOINT WARNING * * *
The death drake breathes miasma at you.
The foul vapour engulfs you but does no damage.
You barely miss the death drake.
The death drake is almost dead.
You are engulfed in dark miasma.
You are more poisoned.
You die...

♣♣♣♣♣#..♣♣ ♣♣♣##'####
###†♣♣♣♣♣♣♣♣♣♣♣♣♣♣♣
#...+ ♣
♣♣♣♣.##..##~~~~~≈..#
#...# ♣♣
♣...##.##)#~~~~≈...#
#...# '♣
♣♣†##.##†##'~~~≈≈####
##### .♣
♣..#.##.)†#†~....☼○°
##♣♣
♣♣.##†##..#≈..+####
..P♣ ♣♣.##.#####...#
..P♣ ♣.....##..k@..#
#### ########+######
♣♣ .♣ .♣♣ ###### ♣†♣
#....# .♣♣ #..~.# ÷♣♣
#P...# ..♣♣#...##


You could see a death drake (catching breath).

Vanquished Creatures
  Xtahua (D)
  Rupert (D)
  Dowan (D)
  3 fire dragons (D)
  3 hydras (D)
  Erica (D)
  A centaur warrior (D)
  Urug (D)
  A lindwurm (D)
  A deep elf pyromancer (D)
  Duvessa (D)
  2 cane toads (D)
  A rime drake (D)
  A komodo dragon (D)
  An unseen horror (D)
  A queen bee (D)
  2 tyrant leeches (D)
  5 blink frogs (D)
  A shadow (D)
  3 wandering mushrooms (D)
  3 redbacks (D)
  A spatial vortex (D)
  2 hell hounds (D)
  A swamp drake (D)
  2 orc warriors (D)
  2 centaurs (D)
  An earth elemental (D)
  A necrophage (D)
  A water elemental (D)
  24 killer bees (D)
  An electric eel (D)
  A jelly (D)
  3 orc priests (D)
  A wizard (D)
  Jessica (D)
  A necromancer (D)
  4 orc wizards (D)
  A kobold demonologist (D)
  3 humans (D)
  A phantom (D)
  9 orcs (D)
  2 endoplasms (D)
  A rat (D)
99 creatures vanquished.

Vanquished Creatures (collateral kills)
  Gastronok (D)
  2 dire elephants (D)
  4 death yaks (D)
  2 elephants (D)
  2 black mambas (D)
  3 blink frogs (D)
  8 killer bees (D)
22 creatures vanquished.

Grand Total: 121 creatures vanquished

Notes
Turn   | Place    | Note
-------+----------+-------------------------------------------
     0 | D        | sircluck the Troll Berserker began the quest for the Orb.
     0 | D        | Reached XP level 1. HP: 22/22 MP: 0/0
    28 | D        | Reached ** piety under Trog
    37 | D        | Noticed Jessica
    44 | D        | Killed Jessica
    45 | D        | Reached skill level 4 in Unarmed Combat
    45 | D        | Reached XP level 2. HP: 23/32 MP: 1/1
    45 | D        | Reached XP level 3. HP: 28/39 MP: 2/2
    77 | D        | Reached skill level 5 in Unarmed Combat
    87 | D        | Reached *** piety under Trog
    96 | D        | Noticed a water elemental
   110 | D        | Gained mutation: You are partially covered in iridescent
                  | scales. (AC +2) [potion of mutation]
   110 | D        | Gained mutation: Your flesh is heat resistant. (rF+)
                  | [potion of mutation]
   122 | D        | Killed a water elemental
   123 | D        | Reached skill level 5 in Fighting
   123 | D        | Reached skill level 5 in Dodging
   123 | D        | Reached skill level 6 in Unarmed Combat
   123 | D        | Reached XP level 4. HP: 44/50 MP: 3/3
   175 | D        | Found a glowing silver altar of Zin.
   175 | D        | Found a glowing golden altar of the Shining One.
   175 | D        | Found a white marble altar of Elyvilon.
   177 | D        | Noticed a deep elf pyromancer
   180 | D        | Killed a deep elf pyromancer
   181 | D        | Reached skill level 9 in Unarmed Combat
   181 | D        | Reached XP level 5. HP: 50/63 MP: 4/4
   181 | D        | Reached XP level 6. HP: 57/72 MP: 5/5
   181 | D        | Reached XP level 7. HP: 62/79 MP: 6/6
   202 | D        | Found a hide-covered altar of Uskayaw.
   202 | D        | Found an iron altar of Okawaru.
   202 | D        | Found a bloodstained altar of Trog.
   202 | D        | Found an ornate altar of the Wu Jian Council.
   202 | D        | Noticed a human
   202 | D        | Noticed a human
   208 | D        | Killed a human
   208 | D        | Reached **** piety under Trog
   213 | D        | Killed a human
   214 | D        | Reached skill level 10 in Unarmed Combat
   217 | D        | Found a basalt altar of Yredelemnul.
   217 | D        | Found a shadowy altar of Dithmenos.
   217 | D        | Found a sacrificial altar of Ru.
   242 | D        | Found a radiant altar of Vehumet.
   242 | D        | Found a shimmering blue altar of Sif Muna.
   242 | D        | Found an ancient bone altar of Kikubaaqudgha.
   247 | D        | Reached ***** piety under Trog
   247 | D        | Received a gift from Trog
   269 | D        | Noticed a shadow
   274 | D        | Killed a shadow
   275 | D        | Reached XP level 8. HP: 92/92 MP: 7/7
   284 | D        | Found a blossoming altar of Fedhas.
   284 | D        | Found a stormy altar of Qazlal.
   284 | D        | Found a snail-covered altar of Cheibriados.
   284 | D        | Found a burning altar of Makhleb.
   284 | D        | Found a shimmering altar of Xom.
   285 | D        | Found a hazy altar of Hepliaklqana.
   285 | D        | Found an opulent altar of Gozag.
   285 | D        | Found a sparkling altar of Nemelex Xobeh.
   285 | D        | Found a corrupted altar of Lugonu.
   285 | D        | Found a viscous altar of Jiyva.
   296 | D        | Reached skill level 11 in Unarmed Combat
   310 | D        | Noticed Erica
   316 | D        | Killed Erica
   317 | D        | Reached skill level 10 in Fighting
   317 | D        | Reached skill level 10 in Dodging
   343 | D        | Reached skill level 12 in Unarmed Combat
   422 | D        | Noticed a centaur warrior
   429 | D        | Killed a centaur warrior
   430 | D        | Reached XP level 9. HP: 40/102 MP: 8/8
   508 | D        | Killed an unseen horror
   508 | D        | Identified the +8 rapier "Dyaq" {heavy, rElec rF+ Dex-3}
                  | (Trog gifted it to you in the Dungeon)
   508 | D        | Received a gift from Trog
   509 | D        | Reached skill level 13 in Unarmed Combat
   648 | D        | Noticed a wandering mushroom
   654 | D        | Noticed a wandering mushroom
   656 | D        | Noticed a wandering mushroom
   687 | D        | Noticed a cane toad
   687 | D        | Noticed a komodo dragon
   687 | D        | Noticed a cane toad
   691 | D        | Killed a cane toad
   695 | D        | Killed a cane toad
   695 | D        | Received a gift from Trog
   696 | D        | Reached XP level 10. HP: 110/115 MP: 9/9
   702 | D        | Reached skill level 14 in Unarmed Combat
   836 | D        | Reached ****** piety under Trog
   950 | D        | Noticed an elephant
   950 | D        | Noticed an elephant
   950 | D        | Noticed a dire elephant
   950 | D        | Noticed a dire elephant
   953 | D        | Noticed Gastronok
   954 | D        | Killed an elephant
   954 | D        | Received a gift from Trog
   955 | D        | Killed a dire elephant
   956 | D        | Reached skill level 15 in Unarmed Combat
   958 | D        | Killed an elephant
   960 | D        | Killed a dire elephant
   963 | D        | Killed Gastronok
   964 | D        | Reached skill level 16 in Unarmed Combat
   964 | D        | Reached XP level 11. HP: 128/128 MP: 10/10
   977 | D        | Noticed an azure jelly
   977 | D        | Noticed an azure jelly
   977 | D        | Noticed an azure jelly
   978 | D        | Noticed an azure jelly
   981 | D        | Noticed Rupert
   995 | D        | Killed Rupert
   995 | D        | Received a gift from Trog
  1033 | D        | Noticed a death yak
  1033 | D        | Noticed a death yak
  1037 | D        | Killed a death yak
  1039 | D        | Noticed a death yak
  1039 | D        | Killed a death yak
  1042 | D        | Killed a death yak
  1045 | D        | Noticed a death yak
  1046 | D        | Reached skill level 17 in Unarmed Combat
  1047 | D        | Killed a death yak
  1069 | D        | Reached skill level 15 in Fighting
  1090 | D        | Noticed a fire dragon
  1095 | D        | Noticed a fire dragon
  1097 | D        | Killed a fire dragon
  1097 | D        | Received a gift from Trog
  1098 | D        | Reached skill level 15 in Dodging
  1104 | D        | Noticed a fire dragon
  1115 | D        | Killed a fire dragon
  1120 | D        | Killed a fire dragon
  1121 | D        | Reached XP level 12. HP: 120/143 MP: 11/11
  1172 | D        | Found Ejom For's Antique Weapon Shoppe.
  1172 | D        | Found Oxkal's Jewellery Boutique.
  1172 | D        | Found Fohat's Distillery.
  1198 | D        | Noticed a five-headed hydra
  1198 | D        | Noticed Xtahua
  1217 | D        | Killed Xtahua
  1218 | D        | Reached skill level 18 in Unarmed Combat
  1222 | D        | Killed a nine-headed hydra
  1280 | D        | Got a decaying rune of Zot
  1418 | D        | Received a gift from Trog
  1443 | D        | Identified the +3 giant spiked club of Liberalism {heavy,
                  | rN+ Dex+4} (Trog gifted it to you in the Dungeon)
  1443 | D        | Received a gift from Trog
  1464 | D        | Received a gift from Trog
  1558 | D        | Found Diemar's Armour Boutique.
  1575 | D        | Received a gift from Trog
  1586 | D        | Received a gift from Trog
  1662 | D        | Bought the +3 crown of Dyrovepreva {rElec Int+2 SInv} for
                  | 496 gold pieces
  1662 | D        | Found the +3 crown of Dyrovepreva {rElec Int+2 SInv}
  1705 | D        | Noticed Dowan
  1705 | D        | Noticed Duvessa
  1715 | D        | Killed Dowan
  1715 | D        | Received a gift from Trog
  1716 | D        | Reached skill level 19 in Unarmed Combat
  1732 | D        | Killed Duvessa
  1964 | D        | Identified the +10 glaive of Blood-Lust {heavy, rPois rC+
                  | Stlth+} (Trog gifted it to you in the Dungeon)
  1964 | D        | Received a gift from Trog
  1965 | D        | Noticed Urug
  1967 | D        | Killed Urug
  1983 | D        | Noticed an eight-headed hydra
  1983 | D        | Noticed a six-headed hydra
  1993 | D        | Killed a ten-headed hydra
  1997 | D        | Killed an eight-headed hydra
  2015 | D        | HP: 4/146 [poisoned by a death drake (dark miasma)]
  2015 | D        | HP: 1/146 [death drake (3)]
  2016 | D        | Engulfed by a death drake's foul pestilence

Illustrated notes

Levels and vault maps discovered:
D:        dungeon_sprint_mu [sprint_mu_entry_cave, sprint_mu_temple_rooms,
          sprint_mu_d1_horrors, sprint_mu_d2_genie, sprint_mu_d3_branching,
          sprint_mu_orc_legion, sprint_mu_elf_gauntlet, sprint_mu_hive_nellie,
          sprint_mu_lair_fedhas, sprint_mu_vaults_butterflies,
          sprint_mu_slime_circle, sprint_mu_swamp_cave, sprint_mu_shoals_archi,
          sprint_mu_blade_basic, sprint_mu_crypt_chambers,
          sprint_mu_tomb_spiral, sprint_mu_vestibule_basic,
          sprint_mu_gehenna_hellfire, sprint_mu_dis_giant,
          sprint_mu_tartarus_statrot, sprint_mu_cocytus_islands, sprint_mu_zot1]

Skill      XL: |  1  2  3  4  5  6  7  8  9 10 11 12 |
---------------+-------------------------------------+-----
Fighting       | 3 5 7 9 10 11 13 15 16 | 16.9
Dodging        | 3 5 7 9 10 11 13 15 16 | 16.7
Unarmed Combat | 4 6 9 10 12 13 16 17 19 | 19.6

Action                     |  1- 3 |  4- 6 |  7- 9 | 10-12 || total
---------------------------+-------+-------+-------+-------++-------
  Melee: Unarmed           |    19 |     3 |    79 |   228 ||   329
         Punch             |       |       |     3 |    29 ||    32
 Invoke: Berserk           |     1 |       |       |     5 ||     6
         Brothers in Arms  |       |       |       |     6 ||     6
         Trog's Hand       |       |       |       |     1 ||     1
    Use: Potion            |     1 |       |       |     3 ||     4
         Scroll            |       |       |       |     1 ||     1
 Armour: Animal skin       |     9 |     2 |    17 |       ||    28
         Robe              |       |       |    56 |    41 ||    97
         Fire dragon scale |       |       |       |   175 ||   175
  Dodge: Dodged            |     6 |       |    39 |   136 ||   181

Table legend: (Time is in decaauts)
 A = Elapsed time spent in this place.
 B = Non-inter-level travel time spent in this place.
 C = Inter-level travel time spent in this place.
 D = Time resting spent in this place.
 E = Time spent auto-exploring this place.
 F = Levels seen in this place.
 G = Mean time per level.
                   A        B        C        D        E       F      G
               +--------+--------+--------+--------+--------+-----+--------+
         Total |   1986 |   1816 |    170 |    745 |    254 |   1 | 1986.0 |
       Dungeon |   1986 |   1816 |    170 |    745 |    254 |   1 | 1986.0 |
               +--------+--------+--------+--------+--------+-----+--------+

Top non-repeatable levels by time:
       D: 1986 daAuts
